 Dungeon Crawl Stone Soup version 0.25-a0-834-g55863b0b92 (webtiles) character file.

Game seed: 11350872447677635017, levelgen mode: deterministic

84 unvid the Digger (level 4, -4/30 HPs)
             Began as a Mummy Earth Elementalist on Apr 22, 2020.
             Slain by an orc
             ... wielding a +0 hand axe
              (5 damage)
             ... on level 3 of the Dungeon.
             The game lasted 00:05:02 (1994 turns).

unvid the Digger (Mummy Earth Elementalist)         Turns: 1994, Time: 00:05:03

Health: -4/30      AC:  2    Str: 11    XL:     4   Next: 23%
Magic:  0/8        EV: 12    Int: 15    God:
Gold:   114        SH:  0    Dex: 12    Spells: 7/8 levels left

rFire    x . .     SeeInvis .   a - +1 trident (venom)
rCold    + . .     Gourm    .   (no shield)
rNeg     + + +     Faith    .   c - +0 robe
rPois    ∞         Spirit   .   (no helmet)
rElec    .         Reflect  .   (no cloak)
rCorr    .         Harm     .   (no gloves)
MR       .....                  (no boots)
Stlth    ++........             (no amulet)
HPRegen  0.10/turn              (no ring)
MPRegen  0.11/turn              (no ring)

@: no status effects
A: no food or potions, fire vulnerability, cold resistance 1, negative energy
resistance 3, torment resistance, unbreathing
a: no special abilities


You were on level 3 of the Dungeon.
You were not hungry.

You visited 1 branch of the dungeon, and saw 3 of its levels.

You collected 114 gold pieces.

Inventory:

Hand Weapons
 a - a +1 trident of venom (weapon)
 d - a +0 dagger
Missiles
 b - 49 stones (quivered)
 j - 8 javelins
Armour
 c - a +0 robe (worn)
Scrolls
 e - a scroll of random uselessness {unknown}
 f - 3 scrolls of remove curse {unknown}
 g - 2 scrolls of teleportation {unknown}
 h - a scroll of identify {unknown}
 i - a scroll of amnesia {unknown}


   Skills:
 - Level 1.5 Dodging
 - Level 1.5 Stealth
 - Level 2.6 Spellcasting
   Level 0.7 Transmutations
 + Level 4.2 Earth Magic


You had 7 spell levels left.
You knew the following spells:

 Your Spells              Type           Power        Failure   Level  Hunger
a - Sandblast             Erth           ##....       3%          1    N/A

Your spell library contained the following spells:

 Spells                   Type           Power        Failure   Level  Hunger
 Passwall                 Tmut/Erth      #.......     12%         2    N/A
 Stone Arrow              Conj/Erth      #.....       26%         3    N/A
 Petrify                  Tmut/Erth      #.......     58%         4    N/A
 Lee's Rapid Deconstruct  Erth           ##........   69%         5    N/A

Dungeon Overview and Level Annotations

Branches:
Dungeon (3/15)

Altars:
Okawaru


Innate Abilities, Weirdness & Mutations

You do not eat or drink.
Your flesh is vulnerable to fire.
You are immune to poison.
Your flesh is cold resistant. (rC+)
You are immune to negative energy. (rN+++)
You are immune to unholy pain and torment.
You can survive without breathing.


Message History

Casting: Sandblast (safe; 3% risk of failure)
Confirm with . or Enter, or press ? or * to list all spells.
Aiming: Sandblast (safe; 3% risk of failure)
Press: ? - help, Shift-Dir - straight line, f/p - orc
Aim: an orc, wielding a +0 hand axe and wearing a +0 chain mail (severely wounded)
The blast of sand hits the orc but does no damage.
The orc is severely wounded.
b - 50 stones The orc hits you with a +0 hand axe.
* * * LOW HITPOINT WARNING * * *
Casting: Sandblast (safe; 3% risk of failure)
Confirm with . or Enter, or press ? or * to list all spells.
Aiming: Sandblast (safe; 3% risk of failure)
Press: ? - help, Shift-Dir - straight line, f/p - orc
Aim: an orc, wielding a +0 hand axe and wearing a +0 chain mail (severely wounded)
The blast of sand hits the orc but does no damage.
The orc is severely wounded.
b - 49 stones The orc hits you with a +0 hand axe.
You die...

#. #.. #.. #.###
#... #.#.. ...#
#.#.# .. ...#.#.#
#...#.#.#%######..#
..........@og......
##.#<..##r......
#.### ....... #.#
....... #.# .......
#.# ....... #.#
....... #.# .......
#.#


You could see an orc, a hobgoblin and a rat.

Vanquished Creatures
  An adder (D:2)
  An ooze (D:2)
  2 worms (D:2)
  2 dart slugs (D:1)
  2 leopard geckos
  2 orcs (D:3)
  8 bats
  2 giant cockroaches (D:1)
  4 goblins (D:1)
  5 hobgoblins
  2 jackals (D:1)
  12 kobolds
  2 quokkas (D:2)
  4 frilled lizards
  10 rats
59 creatures vanquished.

Notes
Turn   | Place    | Note
-------+----------+-------------------------------------------
     0 | D:1      | unvid the Mummy Earth Elementalist began the quest for the
                  | Orb.
     0 | D:1      | Reached XP level 1. HP: 13/13 MP: 4/4
    97 | D:1      | Reached XP level 2. HP: 19/19 MP: 0/5
   145 | D:1      | Reached skill level 3 in Earth Magic
   612 | D:1      | Found an iron altar of Okawaru.
   619 | D:1      | Reached XP level 3. HP: 24/24 MP: 2/7
  1270 | D:2      | Reached skill level 4 in Earth Magic
  1284 | D:2      | Reached XP level 4. HP: 30/30 MP: 6/8
  1993 | D:3      | HP: 1/30 [orc/+0 hand axe (4)]
  1994 | D:3      | Slain by an orc

Levels and vault maps discovered:
D:1:      saegor_arrival_simple_b, layout_loops_ring, kennysheep_minor_cross,
          serial_bayou_pond_a, okawaru_ov_weapons_minmay
D:2:      wad_river_or_something, layout_basic
D:3:      layout_basic, overflow_temple_1_default, marbit_many_paths,
          first_ration

Skill      XL: |  1  2  3 |
---------------+----------+-----
Earth Magic    | 3 4 |  4.2
Dodging        | |  1.5
Stealth        | |  1.5
Spellcasting   | |  2.6
Transmutations | |  0.7

Action                   |  1- 3 |  4- 6 || total
-------------------------+-------+-------++-------
Melee: Dagger            |    52 |       ||    52
       Spear             |    47 |    29 ||    76
       Trident           |       |     7 ||     7
Throw: Stone             |     4 |       ||     4
 Cast: Sandblast         |    26 |    11 ||    37
 Stab: Sleeping          |     6 |     3 ||     9
Armor: Robe              |    30 |     6 ||    36
Dodge: Dodged            |    64 |    20 ||    84

Table legend:
 A = Non-vault XP
 B = Vault XP
 C = Vault XP percentage of total XP
 D = Non-vault monster count
 E = Vault monster count
 F = Vault count percentage of total count
                 A         B        C        D         E       F
            +---------+---------+-------+---------+---------+-------
      Total |      96 |      24 |  20.0 |      50 |       9 |  15.3
            +---------+---------+-------+---------+---------+-------
        D:1 |      57 |       0 |   0.0 |      33 |       0 |   0.0
        D:2 |      33 |      24 |  42.1 |      15 |       9 |  37.5
        D:3 |       6 |       0 |   0.0 |       2 |       0 |   0.0
            +---------+---------+-------+---------+---------+-------
